 Dungeon Crawl Stone Soup version 0.21.1-1-g345015f (webtiles) character file.

910 HyperWeapon the Cleaver (level 7, -2/58 HPs)
             Began as a Minotaur Fighter on June 21, 2018.
             Was an Initiate of Makhleb.
             Splashed by a brown ugly thing's acid (5 damage)
             ... on level 5 of the Dungeon.
             The game lasted 00:13:18 (5192 turns).

HyperWeapon the Cleaver (Minotaur Fighter)          Turns: 5192, Time: 00:13:19

Health: -2/58      AC:  0    Str: 24    XL:     7   Next: 81%
Magic:  0/6        EV:  6    Int:  5    God:    Makhleb [......]
Gold:   43         SH: 11    Dex: 10    Spells: 6/6 levels left

rFire    . . .     SeeInvis .   a - +2 war axe
rCold    . . .     Gourm    .   r - +0 shield
rNeg     . . .     Faith    .   g - +0 chain mail
rPois    .         Spirit   +   (helmet restricted)
rElec    .         Reflect  .   (no cloak)
rCorr    .         Harm     .   (no gloves)
MR       .....                  n - +2 pair of boots
Stlth    ..........             t - amulet of guardian spirit
HPRegen  0.19/turn              u - ring of flight
MPRegen  0.10/turn              y - +2 ring of strength

@: corroded
A: retaliatory headbutt, horns 2
a: Renounce Religion, Evoke Flight


You were on level 5 of the Dungeon.
You worshipped Makhleb.
Makhleb was noncommittal.
You were not hungry.

You visited 2 branches of the dungeon, and saw 7 of its levels.

You collected 223 gold pieces.
You spent 180 gold pieces at shops.

Inventory:

Hand Weapons
 a - a +2 war axe (weapon)
 b - a +0 hunting sling
 l - a +0 spear of freezing
Missiles
 e - 21 sling bullets
 q - 2 throwing nets (quivered)
Armour
 g - a +0 chain mail (worn)
 n - a +2 pair of boots (worn)
 r - a +0 shield (worn)
Jewellery
 t - an amulet of guardian spirit (around neck)
 u - a ring of flight (left hand)
 y - a +2 ring of strength (right hand)
Wands
 o - a wand of paralysis (8)
 C - a wand of iceblast (7)
Scrolls
 i - 4 scrolls of teleportation
 j - 6 scrolls of remove curse
 k - 2 scrolls of magic mapping
 v - 2 scrolls of immolation {unknown}
 w - a scroll of enchant armour
 z - 2 scrolls of identify
 B - a scroll of amnesia {unknown}
Potions
 d - a potion of might
 f - a potion of berserk rage {unknown}
 h - 5 potions of curing
 m - 2 potions of mutation
 p - a potion of heal wounds
 s - a potion of resistance {unknown}
 A - 2 potions of brilliance {unknown}
Books
 x - a book of Geomancy

   Spells                             Type                      Level
   a - Sandblast                      Earth                        1
   b - Passwall                       Transmutation/Earth          2
   c - Stone Arrow                    Conjuration/Earth            3
   d - Petrify                        Transmutation/Earth          4
   e - Lee's Rapid Deconstruction     Earth                        5
Comestibles
 c - 8 rations
 D - a chunk of flesh


   Skills:
 - Level 3.8 Fighting
 * Level 8.9 Axes
 - Level 3.8 Armour
 + Level 7.1 Shields


You had 6 spell levels left.
You didn't know any spells.

Dungeon Overview and Level Annotations

Branches:
Dungeon (6/15)             Temple (1/1) D:4

Altars:
Dithmenos
Elyvilon
Fedhas
Gozag
Hepliaklqana
Kikubaaqudgha
Makhleb
Nemelex Xobeh
Qazlal
Ru
Sif Muna
Trog
Vehumet
Wu Jian
Xom
Yredelemnul
Zin
The Shining One

Shops:
D:5 ?

Annotations:
D:2 exclusion: downstairs
D:5 exclusion: oklob plant


Innate Abilities, Weirdness & Mutations

You reflexively headbutt those who attack you in melee.
You have a pair of horns on your head.


Message History

There is a stone staircase leading down here.
You hit the brown ugly thing. You headbutt the brown ugly thing.
The brown ugly thing is lightly wounded.
The brown ugly thing barely misses you. The brown ugly thing claws you!
You are splashed with acid!
The acid burns!
Your shield and chain mail prevent you from hitting the brown ugly thing.
The brown ugly thing is lightly wounded.
The brown ugly thing claws you. The acid corrodes you!
You are splashed with acid!
The acid burns!
The brown ugly thing claws you! The acid corrodes you!
You are splashed with acid!
The acid burns!
There is an open door here.
The brown ugly thing claws you!
* * * LOW HITPOINT WARNING * * *
You are splashed with acid!
The acid burns!
* * * LOW HITPOINT WARNING * * *
The brown ugly thing claws you!
* * * LOW HITPOINT WARNING * * *
The acid corrodes you!
You are splashed with acid!
The acid burns!
You die...

.................###.#.###.#.##.#
...######..............# #.#.....
................##.#.########....
...#.#....####..##..........#.###
.....#.......#(..#.#.######.####.
...###..##.........#.##......#⌠._
..................##.##......'...
........##...#.#..##.##.....##⌠._
.........#...#.#@..#.##.....'###.
..........<..#.#u#.#.##.....#.###
....###..#...#.#.#..........#....
.........###.#.#.#..........#....
.............#.#.##.........#....
.............#.#.##..###########+
....####.###.#.#......# #. ....#
#.# #.#.#..#...##########.
....####'###.#.#..#...##.........


You could see a brown ugly thing.

Vanquished Creatures
  An ice beast (D:6)
  A phantom (D:4)
  2 ogres
  A centaur (D:6)
  A bullfrog (D:5)
  A gnoll sergeant (D:3)
  A crimson imp (D:5)
  An orc priest (D:3)
  Jessica (D:3)
  3 worker ants (D:4)
  2 hound skeletons (D:5)
  3 gnolls
  6 adders
  An ooze (D:4)
  3 worms
  3 dart slugs
  5 leopard geckos
  10 orcs
  4 giant cockroaches
  5 goblins
  6 hobgoblins
  5 jackals
  5 kobolds
  2 ball pythons
  A ball python skeleton (D:4)
  4 bats
  A frilled lizard (D:2)
  9 rats
88 creatures vanquished.

Notes
Turn   | Place    | Note
-------+----------+-------------------------------------------
     0 | D:1      | HyperWeapon the Minotaur Fighter began the quest for the Orb.
     0 | D:1      | Reached XP level 1. HP: 19/19 MP: 0/0
    18 | D:1      | Reached XP level 2. HP: 19/27 MP: 1/1
   342 | D:1      | Reached skill level 3 in Axes
   649 | D:2      | Reached XP level 3. HP: 33/33 MP: 2/2
  1479 | D:2      | Reached skill level 4 in Axes
  1715 | D:3      | Noticed a gnoll sergeant
  1731 | D:2      | Reached XP level 4. HP: 40/40 MP: 3/3
  2067 | D:3      | Noticed Jessica
  2091 | D:3      | Killed Jessica
  2091 | D:3      | Reached skill level 5 in Axes
  2091 | D:3      | Reached XP level 5. HP: 44/46 MP: 4/4
  2152 | D:3      | Found an opulent altar of Gozag.
  2272 | D:3      | Reached skill level 5 in Shields
  2423 | D:3      | Reached skill level 6 in Axes
  2522 | D:3      | Found an ancient bone altar of Kikubaaqudgha.
  2576 | D:4      | Reached XP level 6. HP: 52/52 MP: 5/5
  2902 | D:4      | Reached skill level 7 in Axes
  3134 | D:4      | Found a staircase to the Ecumenical Temple.
  3159 | Temple   | Entered the Ecumenical Temple
  3197 | Temple   | Became a worshipper of Makhleb the Destroyer
  3627 | D:5      | Entered Level 5 of the Dungeon
  3874 | D:4      | Found a glowing silver altar of Zin.
  3874 | D:4      | Found an opulent altar of Gozag.
  3998 | D:4      | Reached XP level 7. HP: 58/58 MP: 6/6
  4256 | D:5      | Found an ornate altar of the Wu Jian Council.
  4257 | D:5      | Found a glowing golden altar of the Shining One.
  4430 | D:5      | Found Vulle Jomn's Magic Scroll Boutique.
  4468 | D:5      | Bought a scroll of enchant weapon for 90 gold pieces
  4468 | D:5      | Bought a scroll of enchant armour for 90 gold pieces
  4651 | D:5      | Found a blossoming altar of Fedhas.
  4672 | D:5      | Noticed an oklob plant
  5035 | D:6      | Reached skill level 8 in Axes
  5075 | D:6      | Noticed a brown ugly thing
  5192 | D:5      | Splashed by a brown ugly thing's acid

Skill      XL: |  1  2  3  4  5  6  7 |
---------------+----------------------+-----
Shields        | 4 5 6 7 |  7.1
Axes           | 3 4 5 6 7 8 |  8.9
Fighting       | |  3.8
Armour         | |  3.8

Action                   |  1- 3 |  4- 6 |  7- 9 || total
-------------------------+-------+-------+-------++-------
Melee: War axe           |    77 |   138 |    49 ||   264
       Headbutt          |     6 |    16 |     8 ||    30
 Fire: Hunting sling     |       |     2 |       ||     2
Evoke: Wand              |       |     2 |       ||     2
  Use: Scroll            |       |    10 |     2 ||    12
 Stab: Paralysed         |       |     2 |       ||     2
  Eat: Chunk             |     2 |     5 |       ||     7
       Ration            |       |     1 |     1 ||     2
Armor: Scale mail        |    30 |    32 |       ||    62
       Chain mail        |       |    16 |    22 ||    38
Dodge: Dodged            |    20 |    25 |    18 ||    63
Block: Shield            |    49 |    66 |    24 ||   139
